 Dungeon Crawl Stone Soup version 0.21.1-1-g345015f (webtiles) character file.

98 FreakyKiz the Insei (level 4, -1/28 HPs)
             Began as an Octopode Transmuter on June 8, 2018.
             Was an Initiate of Ru.
             Killed by divine providence
             ... invoked by an orc priest
              (10 damage)
             ... on level 3 of the Dungeon.
             The game lasted 00:10:11 (2208 turns).

FreakyKiz the Insei (Octopode Transmuter)           Turns: 2208, Time: 00:10:12

Health: -1/28      AC:  1    Str:  9    XL:     4   Next: 71%
Magic:  0/7        EV: 14    Int: 15    God:    Ru [......]
Gold:   101        SH:  0    Dex: 13    Spells: 7/8 levels left

rFire    . . .     SeeInvis .   g - +0 short sword (curse)
rCold    . . .     Gourm    .   (no shield)
rNeg     . . .     Faith    .   (helmet restricted)
rPois    .         Spirit   +   e - amulet of guardian spirit
rElec    .         Reflect  .   c - ring of wizardry
rCorr    +         Harm     .   d - ring of resist corrosion
MR       .....                  h - +4 ring of slaying
Stlth    +++.......             (no ring)
HPRegen  0.09/turn              (no ring)
MPRegen  0.10/turn              (no ring)
                                (no ring)
                                (no ring)

@: appendage
A: almost no armour, stealthy swim, amphibious, 8 rings, constrict 8, tentacle
spike 3, camouflage 1, gelatinous body 1
a: End Transformation, Sacrifice Drink, Sacrifice Love, Sacrifice Experience,
Reject Sacrifices, Renounce Religion


You were on level 3 of the Dungeon.
You worshipped Ru.
Ru was noncommittal.
You were full.
One of your tentacles had a temporary spike.
You visited 1 branch of the dungeon, and saw 3 of its levels.

You collected 101 gold pieces.

Inventory:

Hand Weapons
 g - a cursed +0 short sword (weapon)
Missiles
 a - 45 arrows
Jewellery
 c - a ring of wizardry (left tentacle)
 d - a ring of resist corrosion (right tentacle)
 e - an amulet of guardian spirit (around mantle)
 h - a +4 ring of slaying (on tentacle)
Scrolls
 i - a scroll of teleportation {unknown}
 k - a scroll of identify
Potions
 f - a potion of curing {unknown}
 j - a potion of brilliance {unknown}
 m - a potion of degeneration {unknown}
Books
 b - a book of Changes

   Spells                             Type                      Level
   a - Beastly Appendage              Transmutation                1
   b - Sticks to Snakes               Transmutation                2
   c - Spider Form                    Transmutation/Poison         3
   d - Ice Form                       Ice/Transmutation            4
   e - Blade Hands                    Transmutation                5


   Skills:
 - Level 1.0 Fighting
 - Level 2.6 Dodging
 + Level 2.0 Stealth
 - Level 3.5 Unarmed Combat
 + Level 2.6 Spellcasting
 * Level 3.0 Transmutations


You had 7 spell levels left.
You knew the following spells:

 Your Spells              Type           Power        Failure   Level  Hunger
a - Beastly Appendage     Tmut           ##....       2%          1    #......


Dungeon Overview and Level Annotations

Branches:
Dungeon (3/15)

Altars:
Dithmenos
Gozag
Ru


Innate Abilities, Weirdness & Mutations

You cannot wear most types of armour.
You are very stealthy in the water. (Stealth+)
You are amphibious.
You can wear up to eight rings at the same time.
You can use your tentacles to constrict eight enemies at once.
Your skin changes colour to match your surroundings (Stealth+).
Your rubbery body absorbs attacks. (AC +1, EV +1)
One of your tentacles bears a large vicious spike.


Message History

Casting: Beastly Appendage
Confirm with . or Enter, or press ? or * to list all spells.
One of your tentacles grows a vicious spike.
The orc priest mumbles some strange prayers to Beogh against you.
Beogh smites you!
The orc priest looks encouraged for a moment.
An orc comes into view. It is wielding a flail.
An orc comes into view. It is wielding a short sword.
A leopard gecko and a hobgoblin come into view.
The orc shouts!
You hear a shout! x5
The hobgoblin moves out of view.
A leopard gecko, a gnoll and a kobold come into view.
A scorpion comes into view.
The scorpion moves out of view.
The orc priest invokes the aid of Beogh against you.
Beogh smites you!
There is a stone staircase leading up here.
The orc priest invokes the aid of Beogh against you.
Beogh smites you!
You die...

....l...#
go.K...#
......#
l....#
oo..# ...
#.# #.###
#.@.#
###.# ..#
#.# ..
##. $. s.


You could see a scorpion (wandering), an orc priest, a gnoll, 2 orcs, a leopard
gecko and a kobold.

Vanquished Creatures
  4 adders
  2 worms (D:2)
  4 dart slugs
  A leopard gecko (D:2)
  2 ball pythons (D:1)
  9 bats
  3 giant cockroaches
  5 hobgoblins
  2 jackals (D:2)
  A frilled lizard (D:2)
  4 goblins
  8 kobolds
  6 rats
51 creatures vanquished.

Notes
Turn   | Place    | Note
-------+----------+-------------------------------------------
     0 | D:1      | FreakyKiz the Octopode Transmuter began the quest for the Orb.
     0 | D:1      | Reached XP level 1. HP: 13/13 MP: 3/3
   281 | D:1      | Reached XP level 2. HP: 18/18 MP: 3/5
   989 | D:1      | Reached XP level 3. HP: 16/23 MP: 4/6
  1625 | D:2      | Reached skill level 1 in Stealth
  1625 | D:2      | Reached XP level 4. HP: 24/28 MP: 4/7
  1627 | D:2      | Found a faded altar of an unknown god.
  1747 | D:2      | Became a worshipper of Ru the Awakened
  1760 | D:2      | Found a shadowy altar of Dithmenos.
  1860 | D:2      | Found an opulent altar of Gozag.
  2208 | D:3      | Killed from afar by an orc priest

Skill      XL: |  1  2  3  4 |
---------------+-------------+-----
Stealth        | 1 2 |  2.0
Transmutations | 3 |  3.0
Fighting       | |  1.0
Dodging        | |  2.6
Unarmed Combat | |  3.5
Spellcasting   | |  2.6

Action                   |  1- 3 |  4- 6 || total
-------------------------+-------+-------++-------
Melee: Unarmed           |    60 |       ||    60
       Constrict         |    20 |    11 ||    31
       Kick              |    14 |     5 ||    19
       Tentacles         |    11 |     7 ||    18
       Short sword       |    15 |    28 ||    43
 Cast: Beastly Appendage |    20 |    11 ||    31
  Use: Scroll            |     2 |     4 ||     6
 Stab: Sleeping          |     5 |     4 ||     9
  Eat: Ration            |     2 |     1 ||     3
Armor: Skin              |     5 |     1 ||     6
Dodge: Dodged            |    48 |    22 ||    70
